 Dungeon Crawl Stone Soup version 0.31-a0-369-g8eba5f6939 (webtiles) character file.

Game seed: 17582193178649434250

4475 olmar the Thaumaturge (level 10, -1/63 HPs)
             Began as a Mummy Ice Elementalist on July 28, 2023.
             Was a Priest of Sif Muna.
             Killed by divine providence
             ... invoked by an orc priest
              (7 damage)
             ... on level 8 of the Dungeon.
             The game lasted 00:29:08 (13176 turns).

olmar the Thaumaturge (Mummy Ice Elementalist)     Turns: 13176, Time: 00:29:08

Health: -1/63      AC:  8    Str: 12    XL:     10   Next: 15%
Magic:  17/26      EV: 12    Int: 19    God:    Sif Muna [***...]
Gold:   506        SH:  0    Dex: 17    Spells: 21/34 levels left

rFire   . . .        j - staff of cold
rCold   + + .        (no shield)
rNeg    + + +        F - +2 robe {rC+}
rPois   ∞            G - +0 helmet
rElec   .            i - +0 cloak
rCorr   +            (no gloves)
SInv    .            D - +1 pair of boots
Will    ++...        (no amulet)
Stlth   ++           b - ring of fire
HPRegen 0.30/turn    k - ring of Suibuw {Drain Fly Will+ rCorr Dex+5}
MPRegen 0.20/turn

%: faith
@: flying
A: cold resistance 1, negative energy resistance 3, torment resistance 2, heat
vulnerability 1, in touch with death 1, no potions, faith
a: Renounce Religion, Channel Magic, Forget Spell


You were on level 8 of the Dungeon.
You worshipped Sif Muna.
Sif Muna was most pleased with you.
You visited 1 branch of the dungeon, and saw 8 of its levels.

You collected 506 gold pieces.

Inventory:

Hand Weapons
 e - a +1 dagger of venom
 v - a +4 whip of electrocution
 E - a +2 dire flail of freezing
Missiles
 g - 21 poisoned darts
 n - 3 atropa-tipped darts
 r - 3 curare-tipped darts
 w - 2 throwing nets
 y - 4 boomerangs
Armour
 a - a +1 robe
 d - a +0 buckler
 f - a +1 scale mail of fire resistance
 i - a +0 cloak (worn)
 l - a +3 ring mail
 s - a +0 pair of boots
 D - a +1 pair of boots (worn)
 F - a +2 robe of cold resistance (worn)
 G - a +0 helmet (worn)
 I - the +0 leather armour "Kyaforoe" {-Tele +Inv rElec Stlth+}
   (You found it on level 8 of the Dungeon)

   rElec:     It insulates you from electricity.
   +Inv:      It lets you turn invisible.
   -Tele:     It prevents most forms of teleportation.
   Stlth:     It makes you more stealthy.
Magical Staves
 j - a staff of cold (weapon)
Jewellery
 b - a ring of fire (left hand)
 h - a +6 ring of strength
 k - the ring of Suibuw (right hand) {Drain Fly Will+ rCorr Dex+5}
   (You found it on level 2 of the Dungeon)

   [ring of flight]

   Dex:       It affects your dexterity (+5).
   Fly:       It grants you flight.
   rCorr:     It protects you from acid and corrosion.
   Drain:     It drains your maximum health when unequipped.
   Will:      It increases your willpower.
 p - a ring of wizardry
 z - a ring of see invisible
Wands
 x - a wand of paralysis (8)
Scrolls
 c - 2 scrolls of identify
 m - a scroll of revelation
 o - 2 scrolls of poison
 q - 4 scrolls of fear
 t - a scroll of noise
 u - a scroll of blinking
 A - a scroll of immolation
 B - a scroll of teleportation
 C - a scroll of vulnerability
 H - a scroll of enchant weapon {unknown}


   Skills:
 - Level 1.5 Dodging
 - Level 1.5 Stealth
 + Level 12.9 Spellcasting
 + Level 1.7 Summonings
 - Level 0.1 Translocations
 + Level 9.1 Ice Magic
 + Level 0.1 Evocations


You had 21 spell levels left.
You knew the following spells:

 Your Spells              Type           Power      Damage    Failure   Level
a - Freeze                Ice            100%       1d10      1%          1
b - Frozen Ramparts       Ice            100%       1d16      1%          3
c - Ozocubu's Armour      Ice            63%        N/A       1%          3
d - Summon Ice Beast      Ice/Summ       49%        N/A       6%          4
e - Blink                 Tloc           24%        N/A       9%          2

Your spell library contained the following spells:

 Spells                   Type           Power      Damage    Failure   Level
 Apportation              Tloc           24%        N/A       5%          1
 Shock                    Conj/Air       48%        1d6       5%          1
 Summon Guardian Golem    Hex/Summ       15%        N/A       12%         3
 Vhi's Electric Charge    Tloc/Air       24%        N/A       16%         3
 Swiftness                Air            12%        N/A       17%         3
 Manifold Assault         Tloc           12%        N/A       47%         4
 Airstrike                Air            6%         2d(1-17)  50%         4
 Alistair's Intoxication  Tmut/Pois      8%         N/A       83%         5
 Arcjolt                  Conj/Air       6%         1d16      83%         5
 Plasma Beam              Fire/Air       9%         2x1d19    100%        6
 Orb of Destruction       Conj           6%         9d6       100%        7
 Spellforged Servitor     Conj/Summ      7%         N/A       100%        7
 Summon Hydra             Summ           9%         N/A       100%        7
 Sublimation of Blood     Necr           Unusable   N/A       N/A         2
 Wereblood                Tmut           Unusable   N/A       N/A         2

Dungeon Overview and Level Annotations

Branches:
Dungeon (8/15)             Temple (0/1) D:6
   Lair: D:8-11

Altars:
Sif Muna
Yredelemnul

Shops:
D:1 ?   D:5 !   D:6 *

Annotations:
D:7 1 runed translucent door, Crazy Yiuf


Innate Abilities, Weirdness & Mutations

You are immune to poison.
Your flesh is cold resistant. (rC+)
You are immune to negative energy. (rN+++)
You are immune to unholy pain and torment.
You are vulnerable to heat. (rF-)
You are in touch with the powers of death.
You do not drink.
You have a special connection with the divine. (Faith)


Message History

The orc warrior resists with some effort.
The wall freezes the meliai.
The meliai calls down the wrath of its god upon you.
Something smites you!
* * * LOW HITPOINT WARNING * * *
The wall freezes the meliai.
You kill the meliai!
Sif Muna accepts your kill.
The wall freezes the orc warrior.
The orc warrior misses you.
The orc wizard gestures wildly while chanting.
The orc wizard flickers and vanishes!
Deactivating autopickup; reactivate with Ctrl-A.
Aiming: Paralyse
Press: ? - help, Shift-Dir - straight line, f/p - orc warrior
Aim: an orc warrior, wielding a +0 long sword and wearing a +0 chain mail (heavily wounded, chance to affect: 49%)
The orc warrior resists with some effort.
An orc priest comes into view. It is wielding a +0 club.
The wall freezes the orc warrior.
The orc warrior barely misses you.
Unknown command.
Aiming: Paralyse
Press: ? - help, Shift-Dir - straight line, f/p - orc warrior
Aim: an orc warrior, wielding a +0 long sword and wearing a +0 chain mail (severely wounded, chance to affect: 49%)
The orc warrior suddenly stops moving!
The wall freezes the orc warrior!
A slime creature comes into view.
Unknown command.
Unknown command.
Your icy armour and frozen ramparts will break if you move.
Continue?
Your icy armour cracks and falls away as you move.
The frozen ramparts melt away as you move.
The slime creature moves out of view.
Items here: ( )) [ ††.
An orc wizard comes into view. It is wielding a +0 dagger.
An orc comes into view. It is wielding a +0 hand axe.
Things that are here:
a +0 club; a curare-tipped dart The orc wizard shouts!
You can't drink.
The orc priest invokes the aid of Beogh against you.
Beogh smites you!
You die...

####### ##.....##
##.......## #........<#
#.........# #.........#
#.<.......#
#..†.....@###### ### ##
#........)))o..##..#....
#.........####.o........
#...o.....# ###.###...
#......).o# #..o#
#.................#
##................#
#..................
...###.#####.#####.#


You could see an orc warrior (paralysed), an orc priest, an orc wizard and an
orc.

Vanquished Creatures
  A meliai (D:8)
  A steam dragon (D:8)
  3 water moccasins
  2 orc warriors
  2 ice beasts (D:7)
  A sky beast (D:6)
  A black bear (D:6)
  2 ogres (D:5)
  A centaur (D:5)
  3 kobold brigands
  3 bullfrogs
  A necrophage (D:4)
  4 scorpions
  3 wights
  5 killer bees (D:7)
  2 howler monkeys
  3 hounds
  8 jellies
  3 orc priests
  3 sleepcaps (D:5)
  A gnoll bouda (D:5)
  7 iguanas
  6 orc wizards
  A scorpion zombie (D:4)
  A hound zombie (D:4)
  2 mummies (D:4)
  Robin (D:2)
  15 gnolls
  10 adders
  2 shadow imps
  An adder zombie (D:4)
  3 worms
  30 orcs
  8 ball pythons
  6 bats
  6 endoplasms
  4 giant cockroaches
  17 goblins
  5 hobgoblins
  2 jackals (D:3)
  16 kobolds
  3 quokkas
  A frilled lizard (D:2)
  6 rats
206 creatures vanquished.

Vanquished Creatures (collateral kills)
  A water moccasin (D:6)
  An ice beast (D:8)
  2 necrophages (D:4)
  2 wights (D:7)
  A hound (D:5)
  A human zombie (D:4)
  An iguana (D:5)
  An orc wizard (D:7)
  2 shadow imps
  An orc (D:7)
13 creatures vanquished.

Grand Total: 219 creatures vanquished

Notes
Turn   | Place    | Note
-------+----------+-------------------------------------------
     0 | D:1      | olmar the Mummy Ice Elementalist began the quest for the
                  | Orb.
     0 | D:1      | Reached XP level 1. HP: 13/13 MP: 4/4
   275 | D:1      | Found Cotore Uqyem's Magic Scroll Shoppe.
   293 | D:1      | Reached XP level 2. HP: 15/19 MP: 1/5
   353 | D:1      | Reached skill level 3 in Spellcasting
   892 | D:1      | Found a faded altar of an unknown god.
  1163 | D:1      | Gained mutation: You are in touch with the powers of death.
                  | [Mummy growth]
  1163 | D:1      | Reached XP level 3. HP: 24/24 MP: 4/7
  1167 | D:1      | Learned a level 3 spell: Frozen Ramparts
  1171 | D:1      | Learned a level 3 spell: Ozocubu's Armour
  1456 | D:2      | Identified the ring of Suibuw {Drain Fly Will+ rCorr Dex+5}
  1467 | D:2      | Noticed Robin
  2209 | D:3      | Reached skill level 4 in Spellcasting
  2209 | D:3      | Reached XP level 4. HP: 20/30 MP: 5/10
  2494 | D:2      | Learned a level 4 spell: Summon Ice Beast
  3586 | D:2      | Killed Robin
  3975 | D:3      | Reached XP level 5. HP: 35/35 MP: 9/12
  3978 | D:3      | Learned a level 2 spell: Blink
  4797 | D:4      | Reached skill level 5 in Spellcasting
  5529 | D:4      | Reached XP level 6. HP: 36/41 MP: 10/14
  5797 | D:4      | Found a shimmering blue altar of Sif Muna.
  5803 | D:4      | Became a worshipper of Sif Muna the Loreminder
  6004 | D:4      | Reached skill level 5 in Ice Magic
  6007 | D:4      | Reached skill level 6 in Spellcasting
  6524 | D:5      | Entered Level 5 of the Dungeon
  6707 | D:5      | Reached XP level 7. HP: 19/46 MP: 7/17
  7060 | D:5      | Reached skill level 7 in Spellcasting
  7486 | D:5      | Noticed a nameless horror
  7499 | D:5      | Reached skill level 8 in Spellcasting
  7653 | D:5      | Reached XP level 8. HP: 48/52 MP: 15/20
  7707 | D:5      | Reached * piety under Sif Muna
  7853 | D:5      | Reached skill level 9 in Spellcasting
  8658 | D:5      | Found Taiqoqowi's Distillery.
  8735 | D:6      | Reached skill level 10 in Spellcasting
  9024 | D:6      | Found a staircase to the Ecumenical Temple.
  9034 | D:6      | Found Gaczissy's Assorted Antiques.
  9063 | D:6      | Reached ** piety under Sif Muna
  9077 | D:6      | Reached XP level 9. HP: 54/57 MP: 13/23
  9524 | D:6      | Reached skill level 11 in Spellcasting
 10509 | D:4      | Reached skill level 1 in Summonings
 10554 | D:4      | Found a basalt altar of Yredelemnul.
 11779 | D:7      | Reached *** piety under Sif Muna
 12235 | D:7      | Reached skill level 12 in Spellcasting
 12324 | D:7      | Found a runed translucent door.
 12325 | D:7      | Noticed Crazy Yiuf
 13107 | D:8      | Reached XP level 10. HP: 52/63 MP: 18/26
 13136 | D:8      | Identified the +0 leather armour "Kyaforoe" {-Tele +Inv
                  | rElec Stlth+}
 13176 | D:8      | Killed from afar by an orc priest

Illustrated notes

Levels and vault maps discovered:
D:1:      dpeg_arrival_round_b, layout_rooms,
          dilly_ecumenical_altar_fadedgnrine, serial_shops, shop_coins
D:2:      layout_basic, minmay_split_cup_small, uniq_robin
D:3:      layout_basic
D:4:      layout_basic, lemuel_mausoleum_altar_yredelemnul, led_sif_pool
D:5:      minmay_razor_zed, layout_rooms, serial_shops, nicolae_lakefront_shop,
          amcnicky_mini_corridor_feature
D:6:      layout_loops_cross, minmay_temple_entry_trees, serial_shops, shop,
          minmay_misc_feat_rugged
D:7:      layout_gridville, uniq_crazy_yiuf_cottage
D:8:      minmay_the_grid_square_5x5_3x3 [minmay_the_grid_square_5x5_plus,
          minmay_the_grid_square_5x5_pentomino_r,
          minmay_the_grid_square_5x5_two_small,
          minmay_the_grid_square_5x5_half_checkered,
          minmay_the_grid_square_5x5_megaprize_checkered,
          minmay_the_grid_square_5x5_comb, minmay_the_grid_square_5x5_slash,
          minmay_the_grid_square_5x5_empty,
          minmay_the_grid_square_5x5_bracketed], layout_rooms,
          hellmonk_ghost_big_iron

Skill      XL: |  1  2  3  4  5  6  7  8  9 10 |
---------------+-------------------------------+-----
Spellcasting   | 3 4 5 6 8 10 12 | 12.9
Ice Magic      | 4 5 6 7 8 9 |  9.1
Summonings     | 1 |  1.7
Dodging        | |  1.5
Stealth        | |  1.5
Translocations | |  0.1
Evocations     | |  0.1

Action                     |  1- 3 |  4- 6 |  7- 9 | 10-12 || total
---------------------------+-------+-------+-------+-------++-------
  Melee: Dagger            |    22 |    24 |       |       ||    46
         Staff             |     2 |    32 |   179 |     1 ||   214
         Punch             |       |       |     4 |       ||     4
  Throw: Dart              |     2 |     3 |     2 |       ||     7
         Boomerang         |       |       |     8 |       ||     8
         Throwing net      |       |       |     4 |       ||     4
   Cast: Freeze            |    56 |    87 |   126 |     3 ||   272
         Ozocubu's Armour  |     1 |     6 |    41 |     2 ||    50
         Frozen Ramparts   |     1 |     4 |    33 |     2 ||    40
         Blink             |       |     4 |     1 |       ||     5
         Summon Ice Beast  |       |     2 |    16 |       ||    18
  Evoke: Wand              |       |       |     2 |     3 ||     5
    Use: Scroll            |     5 |     2 |     6 |       ||    13
   Stab: Paralysed         |       |       |     8 |       ||     8
         Distracted        |       |       |     3 |       ||     3
         Held in net/web   |       |       |     2 |       ||     2
 Armour: Robe              |    31 |    36 |   122 |     8 ||   197
  Dodge: Dodged            |    56 |    82 |   209 |    10 ||   357

Table legend: (Time is in decaauts)
 A = Elapsed time spent in this place.
 B = Non-inter-level travel time spent in this place.
 C = Inter-level travel time spent in this place.
 D = Time resting spent in this place.
 E = Time spent auto-exploring this place.
 F = Levels seen in this place.
 G = Mean time per level.
                   A        B        C        D        E       F      G
               +--------+--------+--------+--------+--------+-----+--------+
         Total |  13220 |  12516 |    704 |   5662 |   4636 |   8 | 1652.5 |
       Dungeon |  13220 |  12516 |    704 |   5662 |   4636 |   8 | 1652.5 |
               +--------+--------+--------+--------+--------+-----+--------+

Top non-repeatable levels by time:
     D:4: 2482 daAuts
     D:5: 2237 daAuts
     D:7: 1906 daAuts
     D:3: 1765 daAuts
     D:6: 1712 daAuts
     D:2: 1695 daAuts
     D:1: 1284 daAuts
     D:8: 137 daAuts
